 Dungeon Crawl Stone Soup version 0.30-a0-722-g3e6e8c874d (webtiles) character file.

Game seed: 8536207598179828823

76528 retardedninja the Impaler (level 15, -10/126 HPs)
             Began as a Demonspawn Gladiator on Jan 27, 2023.
             Was the Champion of Dithmenos.
             Mangled by a boulder beetle (12 damage)
             ... on level 13 of the Dungeon.
             The game lasted 00:38:30 (29643 turns).

retardedninja the Impaler (Demonspawn Gladiator)   Turns: 29643, Time: 00:38:31

Health: -10/126    AC: 14    Str: 31    XL:     15   Next: 12%
Magic:  0/15       EV: 21    Int:  8    God:    Dithmenos [******]
Gold:   952        SH:  0    Dex: 22    Spells: 14/14 levels left

rFire   x . .      SeeInvis .    a - +9 trident (heavy)
rCold   + . .      Faith    .    (no shield)
rNeg    . . .      Spirit   +    f - +1 plate armour
rPois   .          Reflect  .    c - +0 helmet
rElec   .          Harm     .    (no cloak)
rCorr   +          Rampage  .    (gloves unavailable)
Will    +++..                    i - +1 pair of boots "Atiewn" {Str+4 Int+3} Stlth
                                 A - amulet of guardian spirit
HPRegen 0.41/turn                I - ring of the Sharing Queen {Ice Will+ rCorr Str+9 Int-5}
MPRegen 0.28/turn                x - +5 ring of evasion

@: on berserk cooldown, slowed, wreathed by umbra, studying Polearms, very slow
A: thin skeletal structure 2, ignite blood 3, torment resistance 1, magic
regeneration, demonic willpower, demonic touch 3
a: Renounce Religion, Shadow Step, Shadow Form


You were on level 13 of the Dungeon.
You worshipped Dithmenos.
Dithmenos was exalted by your worship.
You visited 4 branches of the dungeon, and saw 21 of its levels.

You collected 1984 gold pieces.
You spent 1032 gold pieces at shops.

Inventory:

Hand Weapons
 a - a +9 heavy trident (weapon)
Missiles
 e - 6 throwing nets
 s - a javelin (quivered)
 u - 2 silver javelins
Armour
 c - a +0 helmet (worn)
 f - a +1 plate armour (worn)
 i - the +1 pair of boots "Atiewn" (worn) {Str+4 Int+3}
   (You bought it in a shop on level 2 of the Orcish Mines)

   Str:       It affects your strength (+4).
   Int:       It affects your intelligence (+3).
Jewellery
 x - a +5 ring of evasion (right hand)
 A - an amulet of guardian spirit (around neck)
 I - the ring of the Sharing Queen (left hand) {Ice Will+ rCorr Str+9 Int-5}
   (You acquired it on level 1 of the Lair of Beasts)

   [ring of ice]

   It enhances your ice magic.
   Str:       It affects your strength (+9).
   Int:       It affects your intelligence (-5).
   rF:        It makes you vulnerable to fire.
   rC:        It protects you from cold.
   rCorr:     It protects you from acid and corrosion.
   Will:      It increases your willpower.
Wands
 d - a wand of flame (37)
 q - a wand of charming (2)
 v - a wand of roots (18)
 z - a wand of mindburst (8)
 E - a wand of light (2)
Scrolls
 g - 2 scrolls of teleportation
 h - 5 scrolls of immolation
 k - 2 scrolls of torment
 n - a scroll of silence
 p - 2 scrolls of magic mapping
 w - a scroll of butterflies
 y - 7 scrolls of identify
 D - a scroll of brand weapon
 G - 2 scrolls of amnesia
Potions
 b - 2 potions of magic
 j - 4 potions of flight
 l - 2 potions of lignification
 m - 3 potions of mutation
 o - 2 potions of berserk rage
 t - 2 potions of might
 B - 2 potions of curing
 C - a potion of haste
 K - 3 potions of brilliance


   Skills:
 + Level 14.0 Fighting
 + Level 15.2 Polearms
 + Level 12.8 Throwing
 + Level 13.0 Dodging


You had 14 spell levels left.
You didn't know any spells.
Your spell library contained the following spells:

 Spells                   Type           Power      Damage    Failure   Level
 Slow                     Hex            0%         N/A       99%         1
 Ensorcelled Hibernation  Hex/Ice        0%         N/A       100%        2
 Lesser Beckoning         Tloc           0%         N/A       100%        2
 Static Discharge         Conj/Air       0%         2-2/arc   100%        2
 Call Canine Familiar     Summ           0%         N/A       100%        3
 Confusing Touch          Hex            0%         N/A       100%        3
 Gell's Gravitas          Tloc           0%         N/A       100%        3
 Ozocubu's Armour         Ice            0%         N/A       100%        3
 Portal Projectile        Hex/Tloc       0%         N/A       100%        3
 Spider Form              Tmut/Pois      0%         N/A       100%        3
 Teleport Other           Tloc           0%         N/A       100%        3
 Vampiric Draining        Necr           0%         2d6       100%        3
 Vhi's Electric Charge    Tloc/Air       0%         N/A       100%        3
 Anguish                  Hex/Necr       0%         N/A       100%        4
 Leda's Liquefaction      Hex/Erth       0%         N/A       100%        4
 Arcjolt                  Conj/Air       0%         1d10      100%        5
 Lightning Bolt           Conj/Air       0%         1d11      100%        5
 Metabolic Englaciation   Hex/Ice        0%         N/A       100%        5
 Simulacrum               Ice/Necr       0%         N/A       100%        6
 Ozocubu's Refrigeration  Ice            0%         4d7       100%        7


Dungeon Overview and Level Annotations

Branches:
Dungeon (13/15)            Temple (1/1) D:4            Lair (5/5) D:9
  Swamp (0/4) Lair:2        Snake (0/4) Lair:3        Slime (0/5) Lair:5
    Orc (2/2) D:10            Elf (0/3) Orc:2        Vaults (0/5) D:13

Altars:
Ashenzari
Cheibriados
Dithmenos
Fedhas
Gozag
Hepliaklqana
Kikubaaqudgha
Makhleb
Nemelex Xobeh
Okawaru
Qazlal
Ru
Sif Muna
Trog
Uskayaw
Vehumet
Wu Jian
Xom
Yredelemnul

Shops:
Orc:1 [   Orc:2 *(![


Innate Abilities, Weirdness & Mutations

You have a moderately thin skeletal structure. (Dex +4, Stealth++)
Your demonic aura causes all spilled blood to erupt in flames.
You are resistant to unholy torment.
You regenerate magic rapidly.
You punish those that try to bend your will. (Will+)
Your touch may irresistibly damage your foes and sap their willpower.


Message History

The boulder beetle is engulfed in blazing flames.
The boulder beetle leaps!
You impale the two-headed ogre!!
The two-headed ogre is almost dead.
Your shadow hits the two-headed ogre with a trident.
You barely miss the two-headed ogre.
You touch the two-headed ogre.
You kill the two-headed ogre!
Dithmenos accepts your kill.
You closely miss the gargoyle.
You touch the gargoyle!
You sap its willpower!
The gargoyle is severely damaged.
You puncture the gargoyle!
You destroy the gargoyle!
Dithmenos accepts your kill.
The boulder beetle curls into a ball and begins rolling!
Your Fighting skill increases to level 14!
You are no longer berserk.
You are exhausted.
You feel yourself slow down.
You see here a +0 mace of draining.
You feel much better.
The boulder beetle hits you but does no damage.
The boulder beetle stops rolling and uncurls.
The tengu warrior shouts!
You hit the boulder beetle but do no damage.
The boulder beetle is lightly wounded.
The boulder beetle misses you.
You barely miss the boulder beetle.
The boulder beetle is lightly wounded.
The boulder beetle bites you.
* * * LOW HITPOINT WARNING * * *
The boulder beetle misses you.
You feel better. The boulder beetle closely misses you.
Aiming: Shadow Step
Press: ? - help, Dir - move target, f - boulder beetle
Aim: a boulder beetle (lightly wounded, umbra)
You step into the boulder beetle's shadow.
The boulder beetle bites you!!
* * * LOW HITPOINT WARNING * * *
The boulder beetle bites you!
You die...

.##.....................# #.###.
.............<.....#....####.###.
.........h.Q.........####........
........R............# ####.###.
.......°#######..###########'###.
.......☼#.....#..#....∩#.#.....#.
........#.....#..#.....#.#.....#.
####...Q#.....#.§#.....#.........
##...#...).#§@'.....##........
##Rh#.....#B.'.....###.......
#°.####)'#)†########........
#.☼......Q.§................
#...........§..).....###.###
#######''#..#§'####### #..##
.....#..#.....# ##...
#.....#.!#.....# ###'#.
#.....#..#.....# #.....


You could see a boulder beetle and a tengu warrior.

Vanquished Creatures
  An ironbound preserver (D:13)
  Nessos (D:13)
  Fannar (Orc:1)
  Erolcha (D:12)
  Harold (Orc:1)
  7 hydras
  An ogre mage (Orc:2)
  9 two-headed ogres
  A centaur warrior (D:13)
  9 death yaks
  3 boulder beetles
  An orc high priest (Orc:1)
  3 orc knights
  A deep elf pyromancer (D:13)
  Pikel (D:5)
  6 ugly things
  3 orc sorcerers (Orc:2)
  2 cyclopes (D:13)
  7 elephants
  2 manticores (D:13)
  4 black mambas
  A salamander (Lair:3)
  16 cane toads
  A torpor snail (Lair:1)
  3 gargoyles
  An efreet (D:13)
  An unseen horror (D:11)
  A kobold demonologist (D:11)
  14 komodo dragons
  2 rime drakes
  3 polar bears (Lair:5)
  2 trolls (Orc:1)
  3 hornets (Lair:5)
  Grinder (D:5)
  19 blink frogs
  12 dream sheep (Lair:5)
  4 slime creatures (D:13)
  Sigmund (D:6)
  3 shadows
  12 spriggans (Lair:5)
  5 wyverns
  2 water elementals (D:12)
  2 wraiths
  48 yaks
  Eustachio (D:5)
  Grum (D:8)
  A steam dragon (D:10)
  An acid dragon (D:9)
  4 wargs
  A swamp worm (Lair:2)
  11 water moccasins
  2 ice beasts
  35 orc warriors
  3 black bears (Lair:5)
  6 ogres
  4 boggarts (Lair:5)
  19 wolves
  15 centaurs
  A phantom (D:5)
  Blork the orc (D:5)
  2 kobold brigands
  10 bullfrogs
  3 gnoll sergeants (D:5)
  2 necrophages
  18 wights
  2 scorpions
  2 troll zombies (D:10)
  3 killer bees (D:7)
  11 howler monkeys
  2 vampire bats (D:5)
  7 electric eels
  4 lava snakes (Lair:3)
  A jelly (D:4)
  3 quasits (D:6)
  14 orc priests
  3 hounds
  5 iguanas
  2 gnoll boudas (Orc:1)
  21 orc wizards
  6 ogre zombies (D:10)
  15 gnolls
  8 adders
  3 shadow imps
  4 white imps
  3 ufetubi
  A worm (D:2)
  3 dart slugs
  68 orcs
  8 ball pythons
  5 bats
  3 bat skeletons (D:5)
  3 bat zombies (D:5)
  4 endoplasms
  A giant cockroach (D:1)
  6 goblins
  9 hobgoblins
  2 jackals (D:2)
  11 kobolds
  3 quokkas
  2 frilled lizards (D:1)
  4 goblin skeletons (D:10)
  A hobgoblin skeleton (D:10)
  4 hobgoblin zombies (D:10)
  3 orc skeletons (D:10)
  13 orc zombies (D:10)
  5 rats
  A bush (D:6)
642 creatures vanquished.

Vanquished Creatures (others)
  A centaur (Orc:2)
  3 bushes (Lair:5)
  2 demonic plants (D:6)
  21 fungi
  153 plants
180 creatures vanquished.

Grand Total: 822 creatures vanquished

Notes
Turn   | Place    | Note
-------+----------+-------------------------------------------
     0 | D:1      | retardedninja the Demonspawn Gladiator began the quest for
                  | the Orb.
     0 | D:1      | Reached XP level 1. HP: 16/16 MP: 1/1
   292 | D:1      | Gained mutation: You regenerate magic rapidly. [demonic
                  | ancestry]
   292 | D:1      | Reached XP level 2. HP: 22/22 MP: 2/2
   597 | D:1      | Reached skill level 3 in Polearms
   695 | D:1      | Gained mutation: Your demonic aura sometimes causes spilled
                  | blood to erupt in flames. [demonic ancestry]
   695 | D:1      | Reached XP level 3. HP: 13/28 MP: 3/3
  1382 | D:2      | Gained mutation: Your touch may inflict minor irresistible
                  | damage on your foes. [demonic ancestry]
  1382 | D:2      | Reached XP level 4. HP: 26/34 MP: 4/4
  1877 | D:3      | Found a broken altar of Ashenzari.
  2348 | D:3      | Found a faded altar of an unknown god.
  2594 | D:4      | Found a staircase to the Ecumenical Temple.
  2622 | Temple   | Entered the Ecumenical Temple
  2637 | Temple   | Became a worshipper of Dithmenos the Shadowed
  2737 | D:4      | Gained mutation: Your touch may inflict irresistible damage
                  | on your foes. [demonic ancestry]
  2737 | D:4      | Reached XP level 5. HP: 39/41 MP: 5/5
  2777 | D:4      | HP: 2/61 [orc/+0 whip (4)]
  3424 | D:5      | Entered Level 5 of the Dungeon
  3448 | D:5      | Gained mutation: Your touch may irresistibly damage your
                  | foes and sap their willpower. [demonic ancestry]
  3448 | D:5      | Reached XP level 6. HP: 39/47 MP: 6/6
  3512 | D:5      | Reached skill level 4 in Polearms
  3763 | D:5      | Reached * piety under Dithmenos
  4032 | D:5      | Gained mutation: You have a somewhat thin skeletal
                  | structure. (Dex +2, Stealth+) [demonic ancestry]
  4032 | D:5      | Reached XP level 7. HP: 48/54 MP: 7/7
  4107 | D:5      | Found an ancient bone altar of Kikubaaqudgha.
  4427 | D:5      | Noticed Pikel
  4436 | D:5      | Killed Pikel
  4437 | D:5      | Reached skill level 5 in Fighting
  4437 | D:5      | Reached skill level 5 in Polearms
  4437 | D:5      | Reached skill level 5 in Dodging
  4437 | D:5      | Gained mutation: You punish those that try to bend your
                  | will. (Will+) [demonic ancestry]
  4437 | D:5      | Reached XP level 8. HP: 61/62 MP: 8/8
  4456 | D:5      | Found a burning altar of Makhleb.
  4501 | D:5      | Reached skill level 5 in Throwing
  4855 | D:5      | Noticed Blork the orc
  4873 | D:5      | Killed Blork the orc
  5452 | D:5      | Noticed Eustachio
  5466 | D:5      | Killed Eustachio
  5544 | D:5      | Noticed Grinder
  5550 | D:5      | Killed Grinder
  5551 | D:5      | Reached skill level 6 in Polearms
  5551 | D:5      | Reached XP level 9. HP: 68/69 MP: 9/9
  5673 | D:6      | Reached ** piety under Dithmenos
  5739 | D:6      | Found an ornate altar of the Wu Jian Council.
  5814 | D:6      | Found a blossoming altar of Fedhas.
  6130 | D:6      | Noticed Sigmund
  6134 | D:6      | Killed Sigmund
  7426 | D:7      | Reached *** piety under Dithmenos
  7575 | D:7      | Reached skill level 7 in Polearms
  7616 | D:7      | Found a shimmering blue altar of Sif Muna.
  7616 | D:7      | Found a shimmering altar of Xom.
  8274 | D:8      | Reached XP level 10. HP: 79/79 MP: 10/10
  8308 | D:8      | Noticed Grum
  8311 | D:8      | Killed Grum
  8440 | D:8      | Noticed a two-headed ogre
  8445 | D:8      | Killed a two-headed ogre
  8896 | D:9      | Noticed a boulder beetle
  8916 | D:9      | Noticed a two-headed ogre
  8917 | D:9      | Identified the +3 trident of Valour {elec, rN+ Str+5}
  8931 | D:9      | Noticed a two-headed ogre
  8940 | D:9      | Killed a two-headed ogre
  8979 | D:9      | Noticed a white ugly thing
  8983 | D:9      | Noticed a cyan ugly thing
  8995 | D:9      | Noticed a boulder beetle
  9055 | D:9      | You fall into a shaft and drop 2 floors!
  9216 | D:11     | Reached skill level 8 in Polearms
  9224 | D:11     | HP: 1/82 [yak (11)]
  9500 | D:11     | Noticed a gargoyle
  9519 | D:11     | Killed a gargoyle
  9629 | D:10     | Entered Level 10 of the Dungeon
  9750 | D:9      | Reached XP level 11. HP: 76/87 MP: 11/11
  9882 | D:9      | Reached **** piety under Dithmenos
  9987 | D:9      | Found a staircase to the Lair.
 10160 | D:9      | Killed a boulder beetle
 10408 | D:9      | Killed a boulder beetle
 10639 | D:9      | Killed a two-headed ogre
 11005 | D:9      | Reached skill level 9 in Polearms
 11590 | D:9      | Killed a white ugly thing
 11594 | D:9      | Killed a cyan ugly thing
 12130 | D:10     | Found a basalt altar of Yredelemnul.
 12188 | D:10     | Reached skill level 10 in Fighting
 12321 | D:10     | Found a staircase to the Orcish Mines.
 12327 | D:10     | Reached ***** piety under Dithmenos
 12606 | D:10     | Found a snail-covered altar of Cheibriados.
 13434 | D:11     | Gained mutation: Your demonic aura often causes spilled
                  | blood to erupt in flames. [demonic ancestry]
 13434 | D:11     | Reached XP level 12. HP: 67/97 MP: 8/12
 14236 | D:12     | Noticed Erolcha
 14240 | D:12     | Killed Erolcha
 16312 | Lair:1   | Entered Level 1 of the Lair of Beasts
 16550 | Lair:1   | Noticed a death yak
 16557 | Lair:1   | Killed a death yak
 16559 | Lair:1   | Reached skill level 10 in Polearms
 16559 | Lair:1   | Reached skill level 10 in Dodging
 17775 | Lair:1   | Identified 2 scrolls of acquirement
 17776 | Lair:1   | Acquired the ring of the Sharing Queen {Ice Will+ rCorr
                  | Str+9 Int-5}
 17778 | Lair:1   | Acquired a manual of Polearms
 17834 | Lair:1   | Reached skill level 10 in Throwing
 18565 | Lair:2   | Reached skill level 11 in Polearms
 18711 | Lair:2   | Noticed a five-headed hydra
 18711 | Lair:2   | Noticed a four-headed hydra
 18717 | Lair:2   | Killed a five-headed hydra
 18717 | Lair:2   | Noticed a six-headed hydra
 18720 | Lair:2   | Killed a four-headed hydra
 18724 | Lair:2   | Killed a six-headed hydra
 18725 | Lair:2   | Gained mutation: You are resistant to unholy torment.
                  | [demonic ancestry]
 18725 | Lair:2   | Reached XP level 13. HP: 54/106 MP: 8/13
 19742 | Lair:2   | Found a staircase to the Swamp.
 20844 | Lair:3   | Reached skill level 12 in Polearms
 21388 | Lair:3   | Found a staircase to the Snake Pit.
 21398 | Lair:3   | Reached ****** piety under Dithmenos
 23301 | Lair:5   | Entered Level 5 of the Lair of Beasts
 23386 | Lair:5   | Reached skill level 13 in Polearms
 23488 | Lair:5   | Gained mutation: You have a moderately thin skeletal
                  | structure. (Dex +4, Stealth++) [demonic ancestry]
 23488 | Lair:5   | Reached XP level 14. HP: 83/116 MP: 10/14
 24347 | Lair:5   | Found a staircase to the Slime Pits.
 24588 | Lair:5   | Identified the +0 robe "Xeyd" {+Inv rN+}
 25199 | D:13     | Reached skill level 14 in Polearms
 25866 | D:13     | Noticed Nessos
 25908 | D:13     | Killed Nessos
 25909 | D:13     | HP: 5/118 [poisoned by Nessos]
 25914 | D:13     | HP: 2/118 [poisoned by Nessos]
 26319 | D:13     | Noticed an ironbound preserver
 26891 | Orc:1    | Entered Level 1 of the Orcish Mines
 26919 | Orc:1    | Noticed Harold
 26923 | Orc:1    | Killed Harold
 27077 | Orc:2    | Entered Level 2 of the Orcish Mines
 27649 | Orc:2    | Found a staircase to the Elven Halls.
 28007 | Orc:1    | Noticed Fannar
 28013 | Orc:1    | Killed Fannar
 28525 | Orc:2    | Gained mutation: Your demonic aura causes all spilled blood
                  | to erupt in flames. [demonic ancestry]
 28525 | Orc:2    | Reached XP level 15. HP: 120/120 MP: 15/15
 28535 | Orc:2    | Reached skill level 15 in Polearms
 28543 | Orc:2    | Found a shimmering blue altar of Sif Muna.
 28756 | Orc:2    | Found Anwarig's Distillery.
 28756 | Orc:2    | Found Pyplaffu's Weapon Shop.
 28758 | Orc:2    | Found Conounk's General Store.
 28760 | Orc:2    | Found Bued's Armour Emporium.
 28772 | Orc:2    | Bought the +1 pair of boots "Atiewn" {Str+4 Int+3} for 374
                  | gold pieces
 28785 | Orc:2    | Bought 2 potions of berserk rage for 140 gold pieces
 28785 | Orc:2    | Bought a potion of heal wounds for 70 gold pieces
 28785 | Orc:2    | Bought a potion of berserk rage for 70 gold pieces
 28785 | Orc:2    | Bought 2 potions of might for 112 gold pieces
 28785 | Orc:2    | Bought 2 potions of curing for 84 gold pieces
 28785 | Orc:2    | Bought a potion of curing for 42 gold pieces
 28785 | Orc:2    | Bought a potion of haste for 140 gold pieces
 29154 | Orc:1    | Found Decirch Tooth's Armour Boutique.
 29620 | D:13     | Found a gate to the Vaults.
 29643 | D:13     | HP: 2/126 [boulder beetle (20)]
 29643 | D:13     | Mangled by a boulder beetle

Illustrated notes

Levels and vault maps discovered:
D:1:      onia_arrival_mini_spirals, layout_basic, chequers_garden
D:2:      layout_rooms, kennysheep_flooded_box
D:3:      layout_basic, nicolae_ashenzari_panopticon,
          shapermc_ecumenical_altar_starsandcircs
D:4:      layout_basic, minmay_temple_entry_tees
D:5:      layout_gridville, bloody_makhleb, kennysheep_vampire_church,
          sword_in_stone, uniq_pikel, uniq_grinder
D:6:      layout_gridville, mainiacjoe_overflow_alcove_2,
          fedhas_bush_and_centaur_altar, serial_demonic, serial_demonic_b,
          serial_demonic_e, serial_demonic_b, serial_demonic_e,
          minmay_tree_intersection, uniq_sigmund
D:7:      layout_basic, gammafunk_temple_overflow_elements, fountainhead
D:8:      layout_basic, sigmund_army, uniq_grum
D:9:      layout_irregular_city, erik_lair_orcish_takeover,
          minmay_fractal_squares_gapless_7
D:10:     layout_irregular_city, general_overflow_altar,
          mainiacjoe_overflow_24_doors, zombieorc2_lemuel, minmay_liquid_box
D:11:     layout_loops_ring, gauntlet_entry_generic
D:12:     layout_basic, portal_ice_cave_entry_pillars_1, serial_bayou_lagoon_b,
          uniq_erolcha
D:13:     layout_basic, skrybe_vaults_entry_preservation, uniq_nessos
Temple:   nicolae_temple_god_jail
Lair:1:   layout_roguey, beast_lair_carwin_5, infiniplex_staircase_pool
Lair:2:   layout_layer_cave, palyth_hydra_swamp_entry
Lair:3:   layout_cellular_growth, nicolae_snake_entry_warm_welcome,
          grunt_megastairs_2, serial_bayou_shore_a, serial_bayou_shore_b
Lair:4:   layout_hall_layers, grunt_megastairs_3
Lair:5:   minmay_lair_end_enchanted_forest, layout_loops_ring, slime_entry_1,
          serial_forest, infiniplex_forest_clump_small,
          infiniplex_forest_straight_3, infiniplex_forest_lined_3_way,
          infiniplex_forest_clump_medium, infiniplex_forest_clump_double,
          infiniplex_forest_lined_corner, infiniplex_forest_end_3,
          infiniplex_forest_clump_medium, infiniplex_forest_straight_5
Orc:1:    layout_diamond_mine, serial_shops, nicolae_lakefront_shop,
          mines2_david, uniq_harold, uniq_fannar
Orc:2:    st_orc_rangers, layout_caves, kennysheep_orc_sif_temple

Skill      XL: |  1  2  3  4  5  6  7  8  9 10 11 12 13 14 15 |
---------------+----------------------------------------------+-----
Throwing       | 2 3 4 5 6 8 9 10 11 12 | 12.8
Dodging        | 3 4 5 6 7 8 9 10 11 12 13 | 13.0
Polearms       | 3 4 5 6 7 8 9 11 13 14 15 | 15.2
Fighting       | 3 4 5 6 7 8 10 11 12 13 14 | 14.0

Action                     |  1- 3 |  4- 6 |  7- 9 | 10-12 | 13-15 || total
---------------------------+-------+-------+-------+-------+-------++-------
  Melee: Trident           |   135 |   101 |   210 |   428 |   579 ||  1453
         Touch             |       |    22 |    44 |    75 |    68 ||   209
         Punch             |       |       |     1 |     5 |     6 ||    12
  Throw: Javelin           |       |     8 |    30 |    12 |       ||    50
         Throwing net      |       |     1 |     7 |       |       ||     8
 Invoke: Shadow Step       |       |       |       |       |     2 ||     2
  Evoke: Wand              |       |       |       |     6 |       ||     6
    Use: Scroll            |       |    14 |     9 |    11 |    16 ||    50
         Potion            |       |     3 |     5 |     8 |    14 ||    30
   Stab: Sleeping          |     5 |     1 |       |       |       ||     6
 Armour: Leather armour    |    52 |     1 |       |       |       ||    53
         Chain mail        |       |    35 |       |       |       ||    35
         Plate armour      |       |     6 |   101 |   128 |   157 ||   392
  Dodge: Dodged            |   101 |    43 |   194 |   304 |   660 ||  1302

Table legend: (Time is in decaauts)
 A = Elapsed time spent in this place.
 B = Non-inter-level travel time spent in this place.
 C = Inter-level travel time spent in this place.
 D = Time resting spent in this place.
 E = Time spent auto-exploring this place.
 F = Levels seen in this place.
 G = Mean time per level.
                   A        B        C        D        E       F      G
               +--------+--------+--------+--------+--------+-----+--------+
         Total |  29861 |  28844 |   1017 |  11469 |  13400 |  21 | 1422.0 |
       Dungeon |  18585 |  17926 |    659 |   7764 |   7632 |  13 | 1429.6 |
        Temple |     68 |     55 |     13 |      0 |     33 |   1 |   68.0 |
          Lair |   8829 |   8599 |    230 |   3009 |   4654 |   5 | 1765.8 |
  Orcish Mines |   2378 |   2264 |    114 |    696 |   1080 |   2 | 1189.0 |
               +--------+--------+--------+--------+--------+-----+--------+

Top non-repeatable levels by time:
    D:12: 2801 daAuts
     D:9: 2579 daAuts
  Lair:3: 2389 daAuts
     D:5: 2245 daAuts
  Lair:1: 2043 daAuts
   Orc:2: 1806 daAuts
    D:11: 1743 daAuts
  Lair:5: 1699 daAuts
  Lair:2: 1699 daAuts
    D:13: 1442 daAuts
     D:7: 1378 daAuts
     D:6: 1224 daAuts
    D:10: 1097 daAuts
  Lair:4: 997 daAuts
     D:1: 967 daAuts
